 Dungeon Crawl Stone Soup version 0.20.0-10-g0535bb4 (console) character file.

401 removed the Ducker (level 7, -4/49 HPs)
             Began as a Halfling Air Elementalist on June 6, 2017.
             Splashed by a jelly's acid (9 damage)
             ... on level 4 of the Dungeon.
             The game lasted 00:09:58 (4569 turns).

removed the Ducker (Halfling Air Elementalist)      Turns: 4569, Time: 00:09:59

Health: -4/49      AC: -2    Str:  9    XL:     7   Next: 11%
Magic:  9/9        EV: 18    Int: 11    God:
Gold:   160        SH:  0    Dex: 17    Spells: 8/9 levels left

rFire    . . .     SeeInvis .   a - +0 rapier
rCold    + . .     Gourm    .   (shield restricted)
rNeg     . . .     Faith    +   u - +2 robe {rC+}
rPois    .         Spirit   .   i - +0 helmet
rElec    .         Reflect  .   (no cloak)
rCorr    .         Harm     .   n - +1 pair of gloves
MR       +....                  (no boots)
Stlth    ++........             T - amulet of faith
Regen    0.2/turn               r - ring of protection from magic
MPRegen  0.2/turn               J - +3 ring of protection

@: corroded
A: dopey 1, mutation resistance 1, MP-powered wands
a: no special abilities


You were on level 4 of the Dungeon.
You were near starving.

You visited 1 branch of the dungeon, and saw 4 of its levels.

You collected 160 gold pieces.

Inventory:

Hand Weapons
 a - a +0 rapier (weapon)
 b - a +0 blowgun
 l - a +0 club
 z - a +0 dagger
 U - a +0 dagger of freezing
Missiles
 s - 8 curare-tipped needles
 Q - 3 poisoned needles
Armour
 i - a +0 helmet (worn)
 n - a +1 pair of gloves (worn)
 q - a +0 robe
 u - a +2 robe of cold resistance (worn)
Magical Staves
 x - an uncursed staff of poison
Jewellery
 f - an uncursed ring of fire
 r - a ring of protection from magic (left hand)
 J - a +3 ring of protection (right hand)
 T - an amulet of faith (around neck)
Wands
 t - a wand of digging (5/24)
Scrolls
 e - 2 scrolls of remove curse {unknown}
 h - 3 scrolls of fear {unknown}
 m - a scroll of recharging {unknown}
 y - 3 scrolls of noise {unknown}
 B - 2 scrolls of enchant armour {unknown}
 C - a scroll of enchant weapon {unknown}
 D - a scroll of immolation {unknown}
 E - 3 scrolls of identify {unknown}
 F - 2 scrolls of blinking {unknown}
 L - a scroll of teleportation {unknown}
 N - a scroll of magic mapping {unknown}
Potions
 I - a potion of ambrosia {unknown}
 S - a potion of heal wounds {unknown}
 V - a potion of might {unknown}
Books
 P - a book of Air

   Spells                             Type                      Level
   a - Shock                          Conjuration/Air              1
   b - Swiftness                      Charms/Air                   2
   c - Static Discharge               Conjuration/Air              3
   d - Airstrike                      Air                          4
   e - Lightning Bolt                 Conjuration/Air              5
Comestibles
 c - 2 bread rations
 v - 2 royal jellies
 K - 2 meat rations
 M - a fruit


   Skills:
 + Level 4.7 Fighting
 - Level 5.0 Dodging
 - Level 2.1 Stealth
 - Level 1.5 Spellcasting
 - Level 0.7 Conjurations
 - Level 3.0 Air Magic


You had 8 spell levels left.
You knew the following spells:

 Your Spells              Type           Power        Failure   Level  Hunger
a - Shock                 Conj/Air       #...         14%         1    ##.....


Dungeon Overview and Level Annotations

Branches:
Dungeon (4/15)
 Temple: D:4-7

Altars:
Gozag
Makhleb
Nemelex Xobeh
Ru
Vehumet
Yredelemnul

Annotations:
D:3 maniacrov's ghost, amateur MfGl
D:4 exclusion: worker ant


Innate Abilities, Weirdness & Mutations

You are small and have problems with some larger weapons.
You are somewhat resistant to further mutation.
You are dopey. (Int -2)
You expend magic power (3 MP) to strengthen your wands.


Message History

The jelly is moderately wounded.
The ooze hits you but does no damage. The ooze closely misses you.
The jelly hits you. The acid corrodes you!
You are splashed with acid!
The acid burns!
* * * LOW HITPOINT WARNING * * *
Unknown command.
You hit the jelly but do no damage. The acid corrodes you!
Your hands burn!
* * * LOW HITPOINT WARNING * * *
The jelly is moderately wounded.
The ooze barely misses you. The ooze hits you.
* * * LOW HITPOINT WARNING * * *
The jelly misses you. The ooze barely misses you.
Unknown command.
You hit the jelly but do no damage.
Your hands burn!
* * * LOW HITPOINT WARNING * * *
The jelly is moderately wounded.
The ooze misses you. The jelly hits you.
* * * LOW HITPOINT WARNING * * *
The acid corrodes you!
You are splashed with acid!
The acid burns!
You die...

.........##$.÷...##.####### #....
.........##÷.P...#(#.#....####.##
.........##......#.#.#.....##..#
.....######P.P...#.#'#......'..#
.....# #......#.#........'..#
.....# #P.÷...#)#........'..#
.....### #÷....÷#.#.......##..#
.......## #.P..JPJ##......####.##
.....#..# #.÷.JJ@########## #..).
.....##.# ######## #..##
.....##.############ #.##
.....##.##.........# #.#
.....##..#.........### #####'###
########'#...........# #........
##................#### #....<...
##............##### ### #........
##............# ##.###........


You could see 2 jellies and 2 oozes.

Vanquished Creatures
  Menkaure (D:4)
  An orc wizard (D:4)
  Jessica (D:2)
  2 worker ants (D:4)
  A howler monkey skeleton (D:3)
  6 adders
  7 oozes
  An adder skeleton (D:3)
  3 worms
  A dart slug (D:1)
  A leopard gecko (D:4)
  2 orcs (D:4)
  3 giant cockroaches
  8 goblins
  9 hobgoblins
  5 jackals
  8 kobolds
  3 quokkas
  3 ball pythons (D:3)
  6 bats
  6 frilled lizards
  7 rats
85 creatures vanquished.

Vanquished Creatures (others)
  A bat (D:2)
  2 fungi (D:4)
  7 toadstools (D:4)
10 creatures vanquished.

Grand Total: 95 creatures vanquished

Notes
Turn   | Place    | Note
-------+----------+-------------------------------------------
     0 | D:1      | removed the Halfling Air Elementalist began the quest for the Orb.
     0 | D:1      | Reached XP level 1. HP: 11/11 MP: 3/3
   238 | D:1      | Reached skill level 1 in Fighting
   295 | D:1      | Reached XP level 2. HP: 18/18 MP: 2/4
   846 | D:2      | Found a burning altar of Makhleb.
   859 | D:2      | Reached XP level 3. HP: 24/24 MP: 5/5
   894 | D:2      | Noticed Jessica
   895 | D:2      | Found a sparkling altar of Nemelex Xobeh.
   911 | D:2      | Killed Jessica
   990 | D:2      | Reached XP level 4. HP: 30/30 MP: 4/6
  1188 | D:2      | You fall through a shaft for 2 floors!
  1313 | D:4      | Found a basalt altar of Yredelemnul.
  1463 | D:3      | Noticed maniacrov's ghost (amateur MfGl)
  1533 | D:4      | Found a radiant altar of Vehumet.
  1597 | D:3      | Reached skill level 3 in Dodging
  1783 | D:3      | Reached XP level 5. HP: 20/36 MP: 2/7
  2150 | D:2      | Reached skill level 4 in Dodging
  2631 | D:3      | Found an opulent altar of Gozag.
  3250 | D:3      | Found a sacrificial altar of Ru.
  3545 | D:4      | Reached skill level 5 in Dodging
  3545 | D:4      | Reached XP level 6. HP: 13/42 MP: 8/8
  3967 | D:4      | Noticed Menkaure
  4256 | D:4      | Gained mutation: You are dopey. (Int -2) [potion of mutation]
  4256 | D:4      | Gained mutation: You expend magic power (3 MP) to strengthen your wands. [potion of mutation]
  4268 | D:4      | Killed Menkaure
  4268 | D:4      | Reached XP level 7. HP: 9/49 MP: 9/9
  4569 | D:4      | Splashed by a jelly's acid

Skill      XL: |  1  2  3  4  5  6 |
---------------+-------------------+-----
Fighting       | 1 2 3 4 |  4.7
Dodging        | 3 5 |  5.0
Stealth        | |  2.1
Spellcasting   | |  1.5
Conjurations   | |  0.7
Air Magic      | |  3.0

Action                   |  1- 3 |  4- 6 |  7- 9 || total
-------------------------+-------+-------+-------++-------
Melee: Unarmed           |     6 |       |       ||     6
       Club              |     5 |       |       ||     5
       Dagger            |    12 |    60 |       ||    72
       Rapier            |       |   171 |    40 ||   211
 Fire: Blowgun           |       |     8 |       ||     8
 Cast: Shock             |    34 |    31 |       ||    65
  Use: Potion            |       |     6 |       ||     6
 Stab: Sleeping          |     1 |     7 |       ||     8
       Distracted        |       |     1 |       ||     1
  Eat: Chunk             |     1 |    11 |       ||    12
Armor: Robe              |     5 |    57 |    16 ||    78
Dodge: Dodged            |    18 |   207 |    48 ||   273
